Map: Ever Dream LE

Players

FeEbLeNFraiL - Winner!

  • Race: Zerg Zerg
  • League: Master
  • Spawn Location: 1:00

BLTurntable

  • Race: Zerg Zerg
  • League: Diamond
  • Spawn Location: 7:00

VOD

Have the link to the VOD?

Description

Time

  • Played on: Aug. 13, 2020, 3:17 p.m.
  • Length: 6:27
Show
View Real Time Build Order
Export as new Build Order

FeEbLeNFraiL Zerg - Winner!

Build Orders: Hatch First 

Get SALT Encoding   

  12  0:03  Drone  
  13  0:12  Overlord  
  13  0:18  Drone  
  14  0:31  Drone x2  
  16  0:37  Drone  
  17  0:46  Drone  
  18  0:56  Hatchery  
  17  1:00  Extractor  
  16  1:10  Spawning Pool  
  16  1:18  Drone x2  
  16  1:22  Drone  
  18  1:47  Overlord, Drone  
  19  1:57  Queen  
  21  2:07  Queen  
  23  2:12  Drone x3  
  23  2:13  Drone  
  27  2:16  Extractor  
  26  2:34  Queen  
  28  2:40  Drone x4  
  28  2:43  Queen  
  34  2:52  Evolution Chamber  
  34  2:55  Roach Warren  
  32  3:00  Evolution Chamber  
  31  3:08  Overlord  
  31  3:21  Lair  
  31  3:24  Drone x5  
  36  3:38  Zerg Missile Weapons Level 1  
  36  3:46  Hatchery  
  35  3:54  Drone x3  
  39  3:55  Drone  
  39  3:58  Drone  
  40  4:14  Overlord x2  
  40  4:15  Overlord  
  40  4:19  Glial Reconstitution  
  40  4:42  Roach x4  
  40  4:43  Roach x4  
  40  4:45  Roach  
  56  4:55  Roach x3  
  56  4:56  Roach  
  56  4:59  Roach  
  66  5:02  Roach  
  68  5:08  Roach x2  
  72  5:17  Roach  
  72  5:19  Overlord x2  
  74  5:40  Roach  
  74  5:41  Roach x6  
  87  5:46  Roach  
  90  5:50  Drone  
  90  6:04  Extractor  
  90  6:06  Extractor  
  88  6:17  Hatchery  
Show
View Real Time Build Order
Export as new Build Order

BLTurntable Zerg 

Build Orders: Hatch First 

Get SALT Encoding   

  12  0:00  Drone  
  13  0:13  Overlord  
  13  0:16  Drone  
  14  0:31  Drone x2  
  16  0:49  Hatchery  
  15  0:52  Drone  
  16  0:58  Drone  
  16  1:00  Drone  
  18  1:12  Extractor  
  18  1:15  Spawning Pool  
  18  1:17  Drone  
  17  1:21  Drone  
  18  1:29  Drone  
  19  1:39  Overlord  
  19  1:54  Drone  
  20  2:02  Queen x2  
  20  2:03  Zergling x4  
  26  2:12  Drone x2  
  28  2:24  Drone x2  
  30  2:33  Drone x2  
  32  2:46  Drone x2  
  32  2:48  Metabolic Boost  
  34  2:59  Evolution Chamber  
  34  3:00  Evolution Chamber  
  34  3:01  Queen  
  34  3:02  Drone x2  
  34  3:03  Roach Warren  
  35  3:09  Drone  
  35  3:10  Overlord  
  36  3:25  Overlord  
  36  3:26  Overlord  
  36  3:35  Overlord, Drone x4  
  36  3:38  Extractor  
  36  3:39  Extractor  
  36  3:40  Lair, Extractor  
  37  3:45  Drone x5  
  42  3:52  Drone x3  
  45  4:03  Drone x2  
  45  4:07  Drone  
  45  4:08  Drone  
  49  4:20  Drone x3  
  49  4:23  Overlord x4  
  51  4:50  Zergling x12  
  51  4:51  Zergling x4  
  59  4:56  Drone  
  59  4:57  Spire  
  58  5:16  Overlord x3  
  58  5:20  Overlord  
  50  5:52  Overlord  
  50  5:53  Overlord  
  50  5:57  Zergling x10  
  50  6:01  Drone  
  50  6:03  Spine Crawler x2  
  50  6:04  Spine Crawler  
Tags
 
Add a new tag
Caveats
  • Supply blocks, unpowered buildings, or Contaminate may cause inaccurate times.
  • Supply counts are checked every 10 seconds.